[Event "Titled Tuesday Blitz November 30 2021"]
[White "Gokerkan, Cem Kaan"]
[Black "Klabis, Rokas"]
[WhiteFideId "6336760"]
[BlackFideId "12805246"]
[WhiteElo "2382"]
[BlackElo "2255"]
[Result "1-0"]
[Round "05"]
[TimeControl "180+1"]
[Date "2021.11.30"]
[WhiteClock "0:00:15"]
[BlackClock "0:00:04"]

1. e4 e5 2. Nf3 Nc6 3. Bc4 Bc5 4. c3 d6 5. d4 exd4 6. cxd4 Bb6 7. Nc3 Nf6 8. Bg5 h6 9. Bh4 Bg4 10. d5 Ne5 11. Bb5+ c6 12. dxc6 bxc6 13. Be2 Bxf3 14. Bxf3 O-O 15. O-O Re8 16. Re1 Ba5 17. Be2 Ng6 18. Bxf6 Qxf6 19. Qa4 Bxc3 20. bxc3 Qxc3 21. Rac1 Qd2 22. Qxc6 Qxa2 23. Qxd6 Rxe4 24. Bf3 Rxe1+ 25. Rxe1 Rf8 26. Bd5 Qa5 27. Rd1 Kh7 28. Be4 f5 29. Bb1 Rf6 30. Qg3 Qb6 31. h4 a5 32. h5 Nf8 33. Qf3 Qe6 34. Bc2 Nd7 35. Bb3 Ne5 36. Qc3 Qe7 37. Re1 Qb4 38. Qxb4 axb4 39. Rxe5 Rc6 40. Rb5 1-0


[Site "https://www.chess.com"]

[Event "Titled Tuesday Blitz November 30 2021"]
[White "Goryachkina, Aleksandra"]
[Black "Samunenkov, Ihor"]
[WhiteFideId "4147103"]
[BlackFideId "14187086"]
[WhiteElo "2441"]
[BlackElo "2348"]
[Result "0-1"]
[Round "05"]
[TimeControl "180+1"]
[Date "2021.11.30"]
[WhiteClock "0:00:11"]
[BlackClock "0:00:30"]

1. e4 c6 2. d4 d5 3. e5 Bf5 4. Nf3 e6 5. Be2 c5 6. O-O Nc6 7. c3 Bg6 8. a3 cxd4 9. cxd4 Nge7 10. b4 Nc8 11. Bb2 Be7 12. Nbd2 Nb6 13. Rc1 O-O 14. Nb3 Nc4 15. Bxc4 dxc4 16. Rxc4 Be4 17. Nc5 Bd5 18. Rc1 b6 19. Nd3 Rc8 20. Nf4 Bxf3 21. Qxf3 Nxd4 22. Bxd4 Qxd4 23. Rxc8 Rxc8 24. Qb7 Re8 25. g3 Qxe5 26. Qxa7 Qd6 27. Qa4 Rd8 28. Qb5 g6 29. Rc1 Bf6 30. Rc6 Qd2 31. Qxb6 Qe1+ 32. Kg2 Qe4+ 33. Kh3 g5 0-1


[Site "https://www.chess.com"]

[Event "Titled Tuesday Blitz November 30 2021"]
[White "Gusarov, Grigory"]
[Black "Nakamura, Hikaru"]
[WhiteFideId "24102172"]
[BlackFideId "2016192"]
[WhiteElo "2254"]
[BlackElo "2884"]
[Result "0-1"]
[Round "05"]
[TimeControl "180+1"]
[Date "2021.11.30"]
[WhiteClock "0:00:19"]
[BlackClock "0:01:38"]

1. d4 g6 2. Nf3 Bg7 3. g3 d6 4. Bg2 Nc6 5. O-O Bd7 6. b3 Qc8 7. Re1 Bh3 8. Bh1 h5 9. Bg5 h4 10. c3 hxg3 11. hxg3 Qg4 12. e4 Qh5 13. Nbd2 f6 14. Be3 e5 15. Nh4 Qh7 16. Rc1 g5 17. Nhf3 Nge7 18. d5 Nd8 19. Qe2 Bf1 20. Kxf1 Qxh1+ 21. Ng1 Nf7 22. Qf3 Qh7 23. Ke2 f5 24. exf5 Nxf5 25. Ne4 Qg6 26. Kd2 g4 27. Qg2 O-O-O 28. Ne2 c6 29. c4 cxd5 30. cxd5+ Kb8 31. N2c3 Nd4 32. Bxd4 exd4 33. Nb5 Bh6+ 34. Kd3 Ne5+ 35. Kxd4 Nf3+ 36. Kd3 Bxc1 37. Rxc1 Rhe8 38. Nc3 Rxe4 39. Nxe4 Re8 40. Rc4 Ne1+ 0-1


[Site "https://www.chess.com"]

[Event "Titled Tuesday Blitz November 30 2021"]
[White "Dronavalli, Harika"]
[Black "Tang, Andrew"]
[WhiteFideId "5015197"]
[BlackFideId "2059630"]
[WhiteElo "2422"]
[BlackElo "2588"]
[Result "1-0"]
[Round "05"]
[TimeControl "180+1"]
[Date "2021.11.30"]
[WhiteClock "0:00:07"]
[BlackClock "0:00:17"]

1. e4 e5 2. Nf3 Nc6 3. Nc3 Nf6 4. d4 exd4 5. Nxd4 Bb4 6. Nxc6 bxc6 7. Bd3 O-O 8. O-O d5 9. Bd2 Bxc3 10. Bxc3 Nxe4 11. Bxe4 dxe4 12. Qh5 Qd5 13. Qh4 Re8 14. Qf4 Qd6 15. Qe3 Bg4 16. h3 Bf5 17. Rad1 Qg6 18. Kh2 f6 19. Rfe1 h5 20. Qc5 Re6 21. Rd7 e3 22. fxe3 h4 23. Red1 Bxh3 24. gxh3 Qg3+ 25. Kh1 Qf3+ 26. Kh2 Rxe3 27. Qc4+ Kh7 28. Qxh4+ Kg6 29. Rg1+ Kf5 30. Qg4+ Qxg4 31. Rxg4 Rh8 32. Rg3 Re2+ 33. Rg2 Re3 34. Rd3 Rhxh3+ 35. Kg1 Rxd3 36. cxd3 Rh7 37. Kf2 Ke6 38. Ke3 Kf7 39. Kd4 Rh5 40. Kc4 Rd5 41. b4 g5 42. Rh2 g4 43. Rh6 Rf5 44. Bd4 a6 45. Rh7+ Kg6 46. Rxc7 g3 47. Rc8 Kf7 48. Rc7+ Kg6 49. Rc8 Kf7 50. Rc7+ Kg8 51. Rc8+ Kh7 52. Rc7+ Kh6 53. Rc8 g2 54. Rg8 Rg5 55. Rxg5 Kxg5 56. Kc5 f5 57. Kxc6 f4 58. a4 f3 59. b5 axb5 60. axb5 Kg4 61. b6 Kg3 62. b7 f2 63. b8=Q+ Kf3 64. Bxf2 Kxf2 65. Qf4+ Ke2 66. Qg4+ Kf2 67. Qxg2+ Kxg2 68. d4 1-0


[Site "https://www.chess.com"]

[Event "Titled Tuesday Blitz November 30 2021"]
[White "Harshavardhan G B"]
[Black "Bluebaum, Matthias"]
[WhiteFideId "25059009"]
[BlackFideId "24651516"]
[WhiteElo "1825"]
[BlackElo "2681"]
[Result "0-1"]
[Round "05"]
[TimeControl "180+1"]
[Date "2021.11.30"]
[WhiteClock "0:00:05"]
[BlackClock "0:00:33"]

1. b3 d5 2. Bb2 Bf5 3. f4 e6 4. Nf3 Nf6 5. g3 c5 6. Bg2 Nc6 7. O-O Be7 8. e3 O-O 9. d3 h6 10. Nbd2 Bh7 11. Qe2 a5 12. a4 Nb4 13. Rac1 Rc8 14. Ne5 Nd7 15. Nxd7 Qxd7 16. e4 Rfd8 17. Rfd1 Bf8 18. h3 Qc7 19. Kh2 Nc6 20. Nf3 Bd6 21. Qe3 Re8 22. Rf1 c4 23. Nd4 Bc5 24. dxc4 dxc4 25. c3 e5 26. fxe5 Nxe5 27. Rc2 cxb3 28. Rcf2 Nc4 29. Qe2 Ne5 30. Qb5 Kh8 31. Qxb3 f6 32. Qd1 Rcd8 33. Qe2 Bg8 34. Kh1 Bc4 35. Qh5 Bxf1 36. Bxf1 Qf7 37. Qd1 Nc4 38. Bc1 Bxd4 39. cxd4 Rxe4 40. Qb3 Rexd4 41. Bb2 Rd1 42. Kh2 R8d2 43. Kg2 Rxf2+ 44. Kxf2 Rxf1+ 0-1


[Site "https://www.chess.com"]

[Event "Titled Tuesday Blitz November 30 2021"]
[White "Injac, Teodora"]
[Black "Indjic, Aleksandar"]
[WhiteFideId "932400"]
[BlackFideId "911925"]
[WhiteElo "2320"]
[BlackElo "2643"]
[Result "0-1"]
[Round "05"]
[TimeControl "180+1"]
[Date "2021.11.30"]
[WhiteClock "0:00:05"]
[BlackClock "0:00:23"]

1. Nf3 d5 2. g3 Nc6 3. d4 Bf5 4. Bg2 Nb4 5. Na3 e6 6. O-O h6 7. c3 Nc6 8. Qb3 Rb8 9. Bf4 Bd6 10. Bxd6 Qxd6 11. c4 Nf6 12. Nb5 Qe7 13. Nc3 Qb4 14. Qxb4 Nxb4 15. a3 Nc6 16. cxd5 exd5 17. b4 O-O 18. Rac1 Ne7 19. Rfd1 a6 20. e3 c6 21. Ne5 Nc8 22. Na4 Nd6 23. Nc5 Rfe8 24. a4 h5 25. Bf1 Ra8 26. Rd2 Rec8 27. Rb2 g6 28. f3 Kg7 29. Kf2 g5 30. h3 g4 31. hxg4 hxg4 32. Be2 Rh8 33. Kg2 gxf3+ 34. Bxf3 Rh6 35. Rh1 Rxh1 36. Kxh1 Re8 37. g4 Bg6 38. Kg2 Nc4 39. Nxc4 dxc4 40. Kf2 c3 41. Ra2 c2 42. Ra1 Nd5 43. Bxd5 cxd5 44. Nxb7 Rb8 45. Nc5 Rxb4 46. Rc1 Rb1 0-1


[Site "https://www.chess.com"]

[Event "Titled Tuesday Blitz November 30 2021"]
[White "Jeet, Jain"]
[Black "Kobalia, Mikhail"]
[WhiteFideId "5073022"]
[BlackFideId "4119150"]
[WhiteElo "2085"]
[BlackElo "2543"]
[Result "0-1"]
[Round "05"]
[TimeControl "180+1"]
[Date "2021.11.30"]
[WhiteClock "0:00:13"]
[BlackClock "0:00:07"]

1. e4 c5 2. Nf3 e6 3. d4 cxd4 4. Nxd4 Nc6 5. Nc3 a6 6. Bf4 d6 7. Nxc6 bxc6 8. Qd2 Nf6 9. O-O-O d5 10. Bd3 a5 11. g4 Be7 12. f3 a4 13. g5 Nh5 14. h4 Nxf4 15. Qxf4 a3 16. b3 Qa5 17. Ne2 Qc5 18. Qe5 O-O 19. exd5 cxd5 20. Qd4 Qc7 21. f4 Ba6 22. h5 Bc5 23. Qe5 Qxe5 24. fxe5 Be3+ 25. Kb1 Bxg5 26. Rhg1 h6 27. Rg4 Bxd3 28. Rxd3 Rfc8 29. Nd4 Rc5 30. c3 Rac8 31. Kc2 Kf8 32. Nf3 f5 33. Nxg5 hxg5 34. Rxg5 d4 35. c4 Rxe5 36. Rxd4 Re2+ 37. Rd2 Rxd2+ 38. Kxd2 Rd8+ 39. Kc3 Rd1 40. Kb4 f4 41. c5 f3 42. Rg3 Rd3 43. c6 f2 44. Rxd3 f1=Q 45. Rc3 Qf4+ 46. Rc4 Qc7 47. Kxa3 e5 48. b4 Ke7 49. b5 Qa5+ 50. Kb3 Qxb5+ 51. Kc3 Qa5+ 52. Kd3 Qc7 53. a4 Kd6 54. Rc3 Kd5 55. Rc4 e4+ 56. Kc3 e3 57. Rd4+ Ke5 58. Rc4 Kd5 59. Rd4+ Kc5 60. Rc4+ Kb6 61. Rb4+ Ka5 62. Rc4 e2 63. Kd2 Qe5 64. Ke1 Qd5 65. Rc2 Qd1+ 0-1


[Site "https://www.chess.com"]

[Event "Titled Tuesday Blitz November 30 2021"]
[White "Kosteniuk, Alexandra"]
[Black "Rasulov, Vugar"]
[WhiteFideId "4128125"]
[BlackFideId "13402390"]
[WhiteElo "2521"]
[BlackElo "2560"]
[Result "0-1"]
[Round "05"]
[TimeControl "180+1"]
[Date "2021.11.30"]
[WhiteClock "0:00:06"]
[BlackClock "0:00:30"]

1. e4 c5 2. c3 Nf6 3. e5 Nd5 4. d4 cxd4 5. Nf3 d6 6. cxd4 e6 7. Bc4 Nb6 8. Bd3 Nc6 9. O-O Nb4 10. Be4 d5 11. Bd3 Nxd3 12. Qxd3 Be7 13. Nc3 Bd7 14. b3 Rc8 15. Ne2 h5 16. a4 g5 17. Bd2 Rc6 18. Ne1 f5 19. exf6 Bxf6 20. Nc2 Kf7 21. Ne3 Qg8 22. f4 Qg6 23. f5 exf5 24. Nxf5 Re8 25. Rae1 Nc8 26. Qf3 Qxf5 27. Qxf5 Bxf5 28. Rxf5 Kg6 29. g4 Rce6 30. Kf1 Ne7 31. Rf2 hxg4 32. Nc3 Rxe1+ 33. Bxe1 Bxd4 34. Re2 Rf8+ 35. Kg2 Bxc3 36. Bxc3 Nc6 37. Re6+ Kf5 38. Rd6 Ke4 39. Rd7 d4 40. Bd2 b6 41. Bxg5 Rf3 42. b4 Nxb4 43. Re7+ Kd3 44. Rxa7 Nd5 45. Rg7 Ke2 46. Bh6 Nf4+ 47. Bxf4 Rxf4 48. Rg6 d3 49. Re6+ Kd2 50. Rxb6 Rxa4 51. Kg3 Re4 52. Rd6 Ke2 0-1


[Site "https://www.chess.com"]

[Event "Titled Tuesday Blitz November 30 2021"]
[White "Le, Tuan Minh"]
[Black "Ivanisevic, Ivan"]
[WhiteFideId "12401153"]
[BlackFideId "912417"]
[WhiteElo "2450"]
[BlackElo "2499"]
[Result "1-0"]
[Round "05"]
[TimeControl "180+1"]
[Date "2021.11.30"]
[WhiteClock "0:00:04"]
[BlackClock "0:00:10"]

1. d4 Nf6 2. Nf3 e6 3. Bf4 b6 4. e3 Bb7 5. Bd3 d6 6. h3 Nbd7 7. Bh2 g6 8. O-O Bh6 9. c4 O-O 10. Nc3 a6 11. Re1 Qe7 12. e4 e5 13. Nd5 Nxd5 14. exd5 f6 15. b4 Qf7 16. Qc2 Rae8 17. Re2 c6 18. dxe5 dxe5 19. dxc6 Bxc6 20. Be4 Bxe4 21. Qxe4 f5 22. Qh4 Qg7 23. Rd1 g5 24. Qg3 f4 25. Qg4 Nf6 26. Qf5 e4 27. Nd4 Qf7 28. Rc2 Qh5 29. Re1 Rf7 30. c5 bxc5 31. bxc5 e3 32. fxe3 fxe3 33. c6 Ne4 34. Qd5 Nf6 35. Qa5 Qh4 36. Nf3 Qe4 37. Nxg5 Qxc2 38. Nxf7 Qf2+ 39. Kh1 Kxf7 40. c7 e2 41. Bg1 Qf1 42. Qc3 Ne4 43. Qc4+ Kg7 44. Qd4+ Kg6 45. Qxe4+ Rxe4 46. c8=Q Qxe1 47. Qc6+ Kf5 48. Qd5+ Re5 49. Qf7+ Ke4 50. Qf3# 1-0


[Site "https://www.chess.com"]

[Event "Titled Tuesday Blitz November 30 2021"]
[White "Macovei, Andrei"]
[Black "Kovalev, Vladislav"]
[WhiteFideId "13904680"]
[BlackFideId "13504398"]
[WhiteElo "2389"]
[BlackElo "2573"]
[Result "1-0"]
[Round "05"]
[TimeControl "180+1"]
[Date "2021.11.30"]
[WhiteClock "0:00:47"]
[BlackClock "0:00:02"]

1. e4 e5 2. Nf3 Nc6 3. Bc4 Nf6 4. d3 Bc5 5. c3 d6 6. a4 a6 7. O-O Ba7 8. h3 h6 9. Re1 Qe7 10. d4 O-O 11. Na3 Re8 12. Nc2 exd4 13. Ncxd4 Nxd4 14. cxd4 Nxe4 15. Bd5 Bf5 16. Bxb7 Rab8 17. Bc6 Qf6 18. Bxe8 Rxe8 19. Be3 Bg6 20. Rc1 Bb6 21. b4 a5 22. Qb3 Bh5 23. Nd2 Nxd2 24. Bxd2 Rxe1+ 25. Rxe1 axb4 26. Qxb4 Bxd4 27. Be3 Bc3 28. Qb8+ Kh7 29. Rc1 c5 30. Qb6 Be2 31. a5 c4 32. a6 Bb2 33. a7 Bxc1 34. a8=Q Bb2 35. Qe4+ g6 36. Bd4 1-0


[Site "https://www.chess.com"]

[Event "Titled Tuesday Blitz November 30 2021"]
[White "Madaminov, Mukhiddin"]
[Black "Ostrovskiy, Aleksandr"]
[WhiteFideId "14210703"]
[BlackFideId "2034239"]
[WhiteElo "1855"]
[BlackElo "2340"]
[Result "1-0"]
[Round "05"]
[TimeControl "180+1"]
[Date "2021.11.30"]
[WhiteClock "0:00:20"]
[BlackClock "0:00:01"]

1. d4 Nf6 2. Nc3 c5 3. d5 g6 4. e4 d6 5. f4 Bg7 6. Bb5+ Bd7 7. e5 Ng8 8. Nf3 Nh6 9. Qe2 O-O 10. O-O Bxb5 11. Qxb5 Nd7 12. Qxb7 Nf5 13. Re1 Nd4 14. Nxd4 cxd4 15. exd6 exd6 16. Ne4 Re8 17. Bd2 Rxe4 18. Rxe4 Nc5 19. Qe7 Nxe4 20. Qxe4 Qb6 21. Re1 Qxb2 22. a4 Rc8 23. f5 Be5 24. Bf4 Qxc2 25. Qxc2 Rxc2 26. Bxe5 dxe5 27. f6 d3 28. Kf1 Kf8 29. d6 Ke8 30. Rxe5+ Kd7 31. Rd5 d2 32. a5 Ra2 33. h4 1-0


[Site "https://www.chess.com"]

[Event "Titled Tuesday Blitz November 30 2021"]
[White "Maksimovic, Bojan"]
[Black "Perez Ponsa, Federico"]
[WhiteFideId "14408120"]
[BlackFideId "117927"]
[WhiteElo "2439"]
[BlackElo "2672"]
[Result "1/2-1/2"]
[Round "05"]
[TimeControl "180+1"]
[Date "2021.11.30"]
[WhiteClock "0:00:08"]
[BlackClock "0:00:16"]

1. e4 e5 2. Nf3 Nc6 3. Bb5 a6 4. Ba4 Nf6 5. O-O Be7 6. Re1 b5 7. Bb3 O-O 8. a4 d5 9. exd5 Na5 10. Nxe5 Nxb3 11. cxb3 Bb7 12. Nc6 Bxc6 13. dxc6 Bc5 14. Nc3 Qd4 15. Qf3 Rae8 16. Re3 Ng4 17. axb5 axb5 18. Nxb5 Qb4 19. Nxc7 Bxe3 20. fxe3 Ne5 21. Qf4 Qxf4 22. exf4 Rc8 23. fxe5 Rxc7 24. d4 Rxc6 25. Bd2 Rc2 26. Bc3 f6 27. e6 Re2 28. d5 Rd8 29. Rd1 Rxe6 30. dxe6 Rxd1+ 31. Kf2 Rd6 32. e7 Re6 33. Bb4 Kf7 34. Bc5 f5 35. b4 Re5 36. Kf3 g5 37. g3 h5 38. Bd6 Rd5 39. Bc5 Rd3+ 40. Ke2 Rb3 41. Kd2 Rxb2+ 42. Kc3 Rxh2 43. b5 Rh1 44. b6 Rb1 45. Bb4 Rc1+ 46. Kd4 Rc6 47. Bc5 Rc8 48. Bd6 h4 49. gxh4 gxh4 50. b7 Re8 51. b8=Q Rxb8 52. Bxb8 Kxe7 53. Ke3 Kf6 54. Kf3 h3 55. Bh2 f4 56. Bxf4 h2 57. Bxh2 1/2-1/2


[Site "https://www.chess.com"]

[Event "Titled Tuesday Blitz November 30 2021"]
[White "Manukyan, Sargis A."]
[Black "Makarian, Rudik"]
[WhiteFideId "13303970"]
[BlackFideId "44105681"]
[WhiteElo "2187"]
[BlackElo "2486"]
[Result "0-1"]
[Round "05"]
[TimeControl "180+1"]
[Date "2021.11.30"]
[WhiteClock "0:01:22"]
[BlackClock "0:02:01"]

1. e4 d6 2. Nf3 Nf6 3. Nc3 Bg4 4. Be2 e5 5. O-O Be7 6. d4 Bxf3 7. Bxf3 Nc6 8. d5 Nd4 9. Be3 Nxf3+ 10. Qxf3 O-O 11. g4 h6 12. h4 Nh7 13. g5 hxg5 14. hxg5 Bxg5 15. Ne2 g6 16. Qg4 Bxe3 17. fxe3 Qg5 18. Qxg5 Nxg5 19. Ng3 Kg7 20. Kg2 Rh8 21. Rh1 Rxh1 22. Rxh1 Rh8 23. Rf1 Rh4 24. Rh1 Rg4 25. Kf2 Nxe4+ 26. Nxe4 Rxe4 27. Kf3 f5 28. b3 b5 29. a3 a5 30. Ra1 g5 31. c3 a4 32. Rb1 g4+ 33. Kf2 Kf6 34. bxa4 bxa4 35. Rb7 Rc4 36. Ra7 f4 37. exf4 exf4 38. Ra8 0-1


[Site "https://www.chess.com"]

[Event "Titled Tuesday Blitz November 30 2021"]
[White "Martinez Alcantara, Jose Eduardo"]
[Black "Onyshchuk, Volodymyr"]
[WhiteFideId "3805662"]
[BlackFideId "14114038"]
[WhiteElo "2690"]
[BlackElo "2603"]
[Result "0-1"]
[Round "05"]
[TimeControl "180+1"]
[Date "2021.11.30"]
[WhiteClock "0:00:07"]
[BlackClock "0:00:06"]

1. e4 d6 2. d4 g6 3. c3 Bg7 4. Nf3 Nf6 5. Bd3 O-O 6. O-O Nc6 7. h3 e5 8. Re1 h6 9. Nbd2 exd4 10. cxd4 Nd7 11. Nb3 a5 12. Be3 a4 13. Nc1 a3 14. bxa3 Rxa3 15. Nb3 Kh7 16. Qc1 Ra8 17. Qd2 Nb6 18. d5 Ne7 19. Bd4 Ng8 20. Bxg7 Kxg7 21. Rac1 f6 22. Nbd4 Rf7 23. Rc2 Na4 24. Nb3 b6 25. Nbd4 Nc5 26. Bb5 Ne7 27. a4 g5 28. Nh2 Ng6 29. Nf1 Qf8 30. Ng3 Nh4 31. f4 Re7 32. f5 Re5 33. Nf3 Nxf3+ 34. gxf3 Qf7 35. Qd4 Kh7 36. Rh2 Bd7 37. h4 gxh4 38. Rxh4 Bxb5 39. axb5 Qg7 40. Rg4 Qf7 41. Re2 Ra4 42. Qe3 Ra1+ 43. Kh2 Re8 44. Rh4 Qf8 45. Rg2 Rea8 46. Nh5 R8a2 47. Rg4 Rxg2+ 48. Rxg2 Nd7 49. Rg6 Ra2+ 50. Kh3 Ra1 51. Qc3 Rh1+ 52. Kg2 Rxh5 53. Qxc7 Qe7 54. Kf2 Rg5 55. Rxg5 hxg5 56. Kg2 Kg7 57. Kf2 Kf7 58. Qc8 Nc5 59. Qh8 Qf8 60. Qh5+ Ke7 61. Qh7+ Qf7 62. Qh8 Qe8 63. Qg7+ Qf7 64. Qh8 Qf8 65. Qh7+ Ke8 66. Qc7 Nd7 67. Qc1 Ke7 68. Qh1 Qg7 69. Kg3 g4 70. f4 Nc5 71. Kf2 Kd8 72. Kg3 Kc7 73. e5 fxe5 74. fxe5 Qxe5+ 75. Kxg4 Qe4+ 76. Qxe4 Nxe4 77. Kh5 Nf6+ 78. Kg5 Nxd5 79. f6 Kd7 80. Kg6 Ke8 81. Kg7 Nxf6 82. Kxf6 Kd7 83. Kg5 Ke6 84. Kg4 Kd5 85. Kf4 Kc4 86. Ke4 d5+ 87. Ke5 d4 88. Ke4 d3 89. Ke3 Kc3 0-1


[Site "https://www.chess.com"]

[Event "Titled Tuesday Blitz November 30 2021"]
[White "Mitrabha, Guha"]
[Black "Manafov, Vugar"]
[WhiteFideId "5057000"]
[BlackFideId "13410814"]
[WhiteElo "2334"]
[BlackElo "2277"]
[Result "0-1"]
[Round "05"]
[TimeControl "180+1"]
[Date "2021.11.30"]
[WhiteClock "0:00:36"]
[BlackClock "0:00:40"]

1. d3 Nf6 2. Nf3 d5 3. g3 c6 4. Bg2 Bg4 5. O-O Nbd7 6. c4 e6 7. Nc3 Be7 8. cxd5 exd5 9. e4 O-O 10. h3 Bxf3 11. Bxf3 dxe4 12. dxe4 Ne5 13. Bg2 Qxd1 14. Rxd1 Rfd8 15. Bf1 Rxd1 16. Nxd1 Nxe4 17. Kg2 Rd8 18. Ne3 Nd3 19. Bxd3 Rxd3 20. Kf3 Nc5 21. Ke2 Rd7 22. Bd2 Bf6 23. Rb1 Nd3 24. Bc3 Bxc3 25. bxc3 Nc5 26. Rb4 f6 27. Rc4 Ne6 28. Rh4 h6 29. Re4 Kf7 30. h4 Nc5 31. Rc4 Ne6 32. Re4 a6 33. Rc4 Nc7 34. Rb4 Nb5 35. Rc4 Ke6 36. a4 Nd6 37. Rb4 b5 38. axb5 cxb5 39. Rd4 a5 40. Nd5 g5 41. hxg5 hxg5 42. Ne3 a4 43. Nc2 Rc7 44. Kd2 Nc4+ 45. Kc1 Rh7 46. Nb4 a3 47. Re4+ Kd6 48. Rd4+ Kc5 49. Rd5+ Kb6 50. Rf5 Rh6 51. Kc2 Ka5 52. Kb3 Rh1 53. Rxf6 Rb1+ 54. Kc2 Rb2+ 55. Kc1 Ka4 56. Rf5 Rb3 57. Na2 Rb2 58. Nb4 Rxb4 0-1


[Site "https://www.chess.com"]

[Event "Titled Tuesday Blitz November 30 2021"]
[White "Petrovskyi, Vadym"]
[Black "Willow, Jonah B"]
[WhiteFideId "14165210"]
[BlackFideId "438804"]
[WhiteElo "2377"]
[BlackElo "2261"]
[Result "1-0"]
[Round "05"]
[TimeControl "180+1"]
[Date "2021.11.30"]
[WhiteClock "0:00:42"]
[BlackClock "0:00:06"]

1. e4 c5 2. Nf3 g6 3. d4 cxd4 4. Nxd4 Nc6 5. c4 Nf6 6. Nc3 d6 7. Be2 Nxd4 8. Qxd4 Bg7 9. Be3 O-O 10. Qd2 a5 11. O-O a4 12. f3 Qa5 13. Rfc1 Be6 14. Rab1 Rfc8 15. b4 axb3 16. axb3 Qb4 17. Qc2 Nd7 18. Bd2 Qc5+ 19. Kh1 Qc7 20. f4 f5 21. exf5 Bxf5 22. Bd3 Bxd3 23. Qxd3 Nf6 24. Re1 Re8 25. Re6 Qd7 26. Rbe1 Kf7 27. f5 Qc6 28. fxg6+ hxg6 29. Nd5 Ra1 30. Rxa1 Kxe6 31. Qxg6 Kd7 32. Qxg7 Nxd5 33. cxd5 Qxd5 34. Qg4+ e6 35. Bf4 Qe4 36. Rd1 d5 37. Rc1 Kd8 38. Qg5+ Re7 39. Bd6 1-0


[Site "https://www.chess.com"]

[Event "Titled Tuesday Blitz November 30 2021"]
[White "Pichot, Alan"]
[Black "Arabidze, Meri"]
[WhiteFideId "110973"]
[BlackFideId "13604040"]
[WhiteElo "2600"]
[BlackElo "2432"]
[Result "1/2-1/2"]
[Round "05"]
[TimeControl "180+1"]
[Date "2021.11.30"]
[WhiteClock "0:00:02"]
[BlackClock "0:00:07"]

1. e4 c5 2. Nf3 e6 3. d4 cxd4 4. Nxd4 Nc6 5. Nc3 a6 6. Nxc6 bxc6 7. Bd3 d5 8. O-O Nf6 9. Qe2 Be7 10. Bd2 O-O 11. Rae1 Bb7 12. f4 Re8 13. e5 Nd7 14. Na4 c5 15. c4 d4 16. b3 Bc6 17. Be4 Qc7 18. Nb2 a5 19. Nd3 a4 20. f5 exf5 21. Rxf5 Nf8 22. Qf3 Bxe4 23. Rxe4 axb3 24. axb3 Ra1+ 25. Re1 Rxe1+ 26. Bxe1 Ng6 27. Rxf7 Nxe5 28. Qf4 Nxd3 29. Qxc7 Kxf7 30. Bh4 h6 31. h3 g5 32. Bg3 Rd8 33. Qc6 Nf4 34. Qxh6 d3 35. Qh7+ Ke8 36. Be1 Kd7 37. g3 Ne2+ 38. Kg2 Ke8 39. Qg6+ Kf8 40. Bd2 Rd6 41. Qf5+ Ke8 42. Qe4 Kd7 43. Qf5+ Ke8 44. Qh7 Kd8 45. Kf3 Rd7 46. Kg4 Rd6 47. Qg8+ Kd7 48. Qf7 Rf6 49. Qd5+ Rd6 50. Qf3 Kd8 51. Qf5 Ke8 52. Qh7 Kd8 53. Qg8+ Kd7 54. Kf3 Rf6+ 55. Ke4 Rd6 56. Kf3 Nd4+ 57. Kg4 Ne2 1/2-1/2


[Site "https://www.chess.com"]

[Event "Titled Tuesday Blitz November 30 2021"]
[White "Pour Agha Bala, Amirreza"]
[Black "Szpar, Milosz"]
[WhiteFideId "12572896"]
[BlackFideId "1184989"]
[WhiteElo "2313"]
[BlackElo "2285"]
[Result "1/2-1/2"]
[Round "05"]
[TimeControl "180+1"]
[Date "2021.11.30"]
[WhiteClock "0:01:27"]
[BlackClock "0:00:16"]

1. d4 Nf6 2. c4 c5 3. d5 e6 4. Nc3 exd5 5. cxd5 d6 6. e4 g6 7. f4 Bg7 8. Bb5+ Nfd7 9. a4 O-O 10. Nf3 Na6 11. O-O Nb4 12. Be3 a6 13. Be2 Re8 14. Nd2 f5 15. Nc4 Nb6 16. Nxb6 Qxb6 17. a5 Qa7 18. Bf3 fxe4 19. Bxe4 Bd4 20. Re1 Bf5 21. Bxd4 cxd4 22. Na4 Rxe4 23. Rxe4 Bxe4 24. Qe1 d3+ 25. Nb6 Nc2 26. Qxe4 Nxa1 27. Qe6+ Kg7 28. Qe7+ Kg8 29. Qe6+ Kg7 30. Qe7+ Kg8 31. Qe6+ 1/2-1/2


[Site "https://www.chess.com"]

[Event "Titled Tuesday Blitz November 30 2021"]
[White "Preotu, Razvan"]
[Black "Ibarra Jerez, Jose Carlos"]
[WhiteFideId "2613280"]
[BlackFideId "2226332"]
[WhiteElo "2407"]
[BlackElo "2626"]
[Result "1-0"]
[Round "05"]
[TimeControl "180+1"]
[Date "2021.11.30"]
[WhiteClock "0:00:06"]
[BlackClock "0:00:02"]

1. e4 c5 2. Nf3 e6 3. c3 Nf6 4. e5 Nd5 5. d4 cxd4 6. cxd4 d6 7. Bc4 Be7 8. O-O O-O 9. Qe2 Nc6 10. Nc3 Nxc3 11. bxc3 dxe5 12. dxe5 Qa5 13. Bd2 Rd8 14. a4 Bd7 15. Qe4 Be8 16. Rfd1 Rac8 17. h4 Rd7 18. Bd3 g6 19. Bb5 a6 20. c4 Qc7 21. Bxc6 Qxc6 22. Qf4 Qxc4 23. Qh6 Bf8 24. Qg5 Rcd8 25. Rdc1 Qe4 26. Ba5 Rb8 27. Bc7 Rc8 28. Bd6 Rxc1+ 29. Rxc1 h6 30. Qg3 Rd8 31. Bxf8 Kxf8 32. h5 g5 33. Nxg5 Qf5 34. Nf3 Bc6 35. Qh4 Rd7 36. Nd4 Qe4 37. Qxe4 Bxe4 38. Ne2 Rd2 39. Ng3 Bc6 40. a5 Ra2 41. Rc5 Rb2 42. f3 Ke7 43. Kh2 Bxf3 44. Rc7+ Ke8 45. Kh3 Bxg2+ 46. Kg4 Bf3+ 47. Kf4 Rb3 48. Nf1 Bc6 49. Ne3 Rb4+ 50. Kg3 Re4 51. Ng4 Kd8 52. Rxf7 Kc8 53. Rh7 Ra4 54. Rxh6 Bd5 55. Rh8+ Kc7 56. h6 Ra3+ 57. Kf4 Ra1 58. h7 Rh1 59. Nf6 Kc6 60. Rc8+ Kb5 61. h8=Q Rxh8 62. Rxh8 Bc6 63. Ne4 Kxa5 64. Nc5 Bd5 65. Rd8 Kb5 66. Ne4 a5 67. Nc3+ Kc6 68. Nxd5 exd5 69. e6 Kc7 70. e7 1-0


[Site "https://www.chess.com"]

[Event "Titled Tuesday Blitz November 30 2021"]
[White "Sanal, Vahap"]
[Black "Gaehwiler, Gabriel"]
[WhiteFideId "6300545"]
[BlackFideId "1314530"]
[WhiteElo "2499"]
[BlackElo "2320"]
[Result "0-1"]
[Round "05"]
[TimeControl "180+1"]
[Date "2021.11.30"]
[WhiteClock "0:00:14"]
[BlackClock "0:00:05"]

1. Nf3 Nf6 2. b3 b6 3. Bb2 Bb7 4. g3 g6 5. Bg2 Bg7 6. O-O O-O 7. c4 c5 8. Nc3 d5 9. Ne5 Nbd7 10. Nxd7 Qxd7 11. cxd5 Nxd5 12. Rb1 Rad8 13. Nxd5 Bxd5 14. Bxg7 Kxg7 15. d3 Bxg2 16. Kxg2 Qd5+ 17. Kg1 Qd4 18. Rc1 Rd5 19. Rc4 Qf6 20. Qa1 Rfd8 21. Qxf6+ Kxf6 22. Rfc1 Rd4 23. Kg2 e5 24. Kf3 Ke6 25. Rxd4 exd4 26. Rc4 a5 27. a4 Kd5 28. e4+ Ke6 29. Ke2 Rb8 30. f4 f6 31. Kd2 Kd6 32. Rc1 Re8 33. Rf1 Re7 34. h4 Rg7 35. Ke2 Ke6 36. Kf3 Rb7 37. Rc1 Kd6 38. Ra1 Ke6 39. g4 h5 40. f5+ gxf5 41. exf5+ Kf7 42. g5 Re7 43. Kf4 Re3 44. Rg1 Rxd3 45. g6+ Kg7 46. Re1 Rh3 47. Re7+ Kg8 48. Re6 Rxh4+ 49. Kg3 Rg4+ 50. Kf3 Kg7 51. Rxb6 Rg5 52. Rb7+ Kg8 53. Ke4 h4 54. Rh7 Rg4+ 55. Kf3 Rg5 56. Kf4 Rg3 57. Rxh4 Rxb3 58. Rh7 Re3 59. Rc7 Re5 60. Rf7 d3 61. Rxf6 Rd5 62. Re6 d2 63. Re8+ Kg7 64. Re7+ Kf8 65. g7+ Kg8 66. f6 Rd8 67. f7+ Kxg7 68. Re8 Rd4+ 0-1


[Site "https://www.chess.com"]